 Dungeon Crawl Stone Soup version 0.19.0-23-gf02e663 (console) character file.

114 Eviona the Conjurer (level 4, -1/36 HPs)
             Began as a Deep Elf Conjurer on Nov 20, 2016.
             Slain by a goblin (5 damage)
             ... led by Robin
             ... on level 3 of the Dungeon.
             The game lasted 00:03:06 (2628 turns).

Eviona the Conjurer (Deep Elf Conjurer)             Turns: 2628, Time: 00:03:07

Health: -1/36      AC:  2    Str: 10    XL:     4   Next: 66%
Magic:  0/10       EV: 13    Int: 21    God:
Gold:   124        SH:  0    Dex: 15    Spells: 2 memorised, 6 levels left

rFire  . . .     SeeInvis .     (no weapon)
rCold  . . .     Gourm    .     a - +0 robe
rNeg   . . .     Faith    .     (no shield)
rPois  .         Spirit   .     (no helmet)
rElec  .         Reflect  .     (no cloak)
rCorr  .         Harm     .     (no gloves)
MR     .....                    (no boots)
Stlth  ..........               (no amulet)
                                (no ring)
                                (no ring)

@: berserking, very quick
A: no striking features
a: no special abilities


You were on level 3 of the Dungeon.
You were hungry.

You visited 1 branch of the dungeon, and saw 3 of its levels.

You collected 124 gold pieces.

Inventory:

Armour
 a - a +0 robe (worn)
Jewellery
 g - a cursed amulet of faith {unknown}
 r - an uncursed ring of resist corrosion {unknown}
Scrolls
 d - 2 scrolls of identify {unknown}
 e - a scroll of magic mapping {unknown}
 i - a scroll of amnesia {unknown}
 j - a scroll of immolation {unknown}
 m - a scroll of noise {unknown}
 p - a scroll of remove curse {unknown}
Potions
 l - a potion of cancellation {unknown}
 n - a potion of degeneration {unknown}
 q - a potion of brilliance {unknown}
 s - a potion of might {unknown}
Books
 b - a book of Conjurations

   Spells                             Type                      Level
   a - Magic Dart                     Conjuration                  1
   b - Searing Ray                    Conjuration                  2
   c - Dazzling Spray                 Conjuration/Hexes            3
   d - Fulminant Prism                Conjuration/Hexes            4
   e - Iskenderun's Mystic Blast      Conjuration                  4
   f - Iskenderun's Battlesphere      Conjuration/Charms           5
Comestibles
 c - 2 bread rations
 h - a meat ration
 k - a slice of pizza


   Skills:
 - Level 2.4 Dodging
 - Level 2.4 Stealth
 - Level 3.0 Spellcasting
 + Level 6.7 Conjurations


You had 6 spell levels left.
You knew the following spells:

 Your Spells              Type           Power        Failure   Level  Hunger
a - Magic Dart            Conj           ####         1%          1    None
b - Searing Ray           Conj           ####..       1%          2    ##.....


Dungeon Overview and Level Annotations

Branches:
Dungeon (3/15)

Altars:
Okawaru
Trog
Uskayaw

Annotations:
D:3 Robin, Sigmund


Message History

Aiming: Magic Dart
Press: ? - help, Shift-Dir - straight line, f - goblin
Aim: a goblin, wielding a dagger (unusually strong)
The magic dart hits the goblin.
You kill the goblin!
Robin throws the goblin at you! The goblin closely misses you.
The goblin hits you with a club.
* * * LOW HITPOINT WARNING * * *
You hit the goblin.
The goblin is severely wounded.
The goblin barely misses you.
It was a potion of berserk rage.
A red film seems to cover your vision as you go berserk!
You feel yourself moving faster!
You feel mighty! The goblin misses you. The goblin closely misses you.
You closely miss the goblin.
The goblin is severely wounded.
The goblin barely misses you.
You punch the goblin!
You kill the goblin!
The goblin hits you.
You die... ### . ###.### .. #.....# ..##.....####### .............%.# ##.....#####)# #.....# #@# ###)#### #g# #.>....# .rg

#####......#
##)##
.#..........#
#).
.#.###......#
##g
.#.###......#
.
.#.##.......#
..
.#.##.%.....#
.#.##.#.#####
.#......#


You could see Robin, 2 goblins and a rat.

Vanquished Creatures
  3 gnolls (D:3)
  An adder (D:2)
  2 worms
  2 dart slugs
  3 leopard geckos (D:3)
  3 orcs (D:3)
  A ball python (D:2)
  A bat (D:1)
  2 giant cockroaches
  15 goblins
  6 hobgoblins
  5 jackals (D:1)
  3 frilled lizards
  3 kobolds
  5 rats
55 creatures vanquished.

Notes
Turn   | Place    | Note
-------+----------+-------------------------------------------
     0 | D:1      | Eviona the Deep Elf Conjurer began the quest for the Orb.
     0 | D:1      | Reached XP level 1. HP: 10/10 MP: 6/6
   381 | D:1      | Reached XP level 2. HP: 15/15 MP: 5/8
   422 | D:1      | Reached skill level 5 in Conjurations
   689 | D:1      | Learned a level 2 spell: Searing Ray
  1170 | D:1      | Reached XP level 3. HP: 19/19 MP: 3/9
  1539 | D:2      | Found an iron altar of Okawaru.
  1806 | D:2      | Found a bloodstained altar of Trog.
  2006 | D:3      | Noticed Sigmund
  2053 | D:3      | Reached skill level 6 in Conjurations
  2167 | D:3      | Found a hide-covered altar of Uskayaw.
  2290 | D:3      | Reached XP level 4. HP: 24/24 MP: 2/10
  2610 | D:3      | Noticed Robin
  2628 | D:3      | Slain by a goblin

Skill      XL: |  1  2  3 |
---------------+----------+-----
Conjurations   | 5 6 |  6.7
Dodging        | |  2.4
Stealth        | |  2.4
Spellcasting   | |  3.0

Action                   |  1- 3 |  4- 6 || total
-------------------------+-------+-------++-------
Melee: Unarmed           |     1 |     3 ||     4
 Cast: Magic Dart        |    71 |    15 ||    86
       Searing Ray       |    11 |     3 ||    14
  Use: Potion            |       |     1 ||     1
  Eat: Chunk             |     4 |     1 ||     5
Armor: Robe              |     3 |     2 ||     5
Dodge: Dodged            |     7 |    16 ||    23
